AoeStats
← 一杯冰美式

Nomad

510480371Analyzed
3v3 RM · 2d ago on Oct 1, 2026· 32m 30s· 6 players
Game mode
Random Map
Map size
210×210
Population
200
Speed
Normal
Resources
Standard
Victory
Conquest
Starting age
Dark Age
Ending age
Imperial Age
RankedLock teamsTeams togetherTeam positionsShared explorationLock speedFull tech treeHidden civsTurbo modeCheats
Victory
Defeat
🇨🇭 Danes · Switzerland
1181
+14
🇨🇾 Mongols · Cyprus
1172
+14
🇹🇼 Japanese · Taiwan
1127
+16
🇨🇳 Franks · China
1285
-20
🇳🇿 Burgundians · New Zealand
1059
-12
🇨🇴 Huns · Colombia
1058
-12
Dyragor
14:07 Feudal Age
15:24 Double-Bit Axe
16:14 Loom
16:56 Fishing Lines
19:47 Castle Age
17:53 Scale Mail Armor
18:03 Forging
19:14 Stone Mining
20:02 Arson
20:30 Squires
20:50 Bow Saw
20:57 Chain Mail Armor
21:44 Wheelbarrow
23:05 Iron Casting
22:41 Gillnets
26:26 Horse Collar
27:46 Town Watch
29:31 Hand Cart
30:16 Gold Mining
31:02 Stone Shaft Mining
30:40 Heavy Plow
31:17 Fletching
fuita
5:24 Loom
14:32 Feudal Age
19:58 Castle Age
29:26 Town Watch
31:42 Double-Bit Axe
一杯冰美式
3:48 Loom
5:55 Loom
14:28 Feudal Age
15:36 Town Watch
16:50 Gold Mining
17:28 Stone Mining
19:41 Castle Age
17:56 Double-Bit Axe
19:29 Fishing Lines
21:26 Bow Saw
21:56 Gold Shaft Mining
22:14 Gillnets
23:53 Wheelbarrow
27:20 Imperial Age
26:42 Forging
26:32 Scale Mail Armor
27:53 Arson
28:08 Squires
29:25 Two-Man Saw
28:57 Conscription
30:32 Chain Mail Armor
31:17 Iron Casting
31:58 Hand Cart
31:47 Town Patrol
32:50 Plate Mail Armor
CerealKiller
4:58 Loom
14:20 Feudal Age
15:38 Double-Bit Axe
20:22 Castle Age
18:53 Horse Collar
19:00 Fishing Lines
19:55 Forging
20:32 Scale Barding Armor
21:17 Husbandry
21:46 Town Watch
22:40 Bloodlines
24:45 Bow Saw
27:16 Fletching
30:09 Wheelbarrow
30:31 Bodkin Arrow
31:26 Iron Casting
31:08 Heavy Plow
Wrecking Ball Paul
9:45 Double-Bit Axe
10:39 Loom
15:15 Feudal Age
15:54 Man-at-Arms
19:35 Fishing Lines
27:09 Castle Age
DancingSword
5:46 Loom
13:21 Feudal Age
18:05 Castle Age
17:46 Double-Bit Axe
19:25 Wheelbarrow
19:31 Bow Saw
23:37 Town Watch
27:11 Gold Mining
27:39 Hand Cart
31:59 Imperial Age
31:52 Gold Shaft Mining
31:08 Stone Mining
33:00 Conscription
Connection lost

Rejoining the realm…

Still unreachable

The connection could not be restored.

Session expired

The server has moved on; the page needs a fresh start.